 Dungeon Crawl Stone Soup version 0.31.0-9-g3a7656b989 (webtiles) character file.

Game seed: 7981345206496375161

38845 qw the Spry (level 13, -1/67 HPs)
             Began as a Spriggan Hunter on Feb 2, 2024.
             Was a High Priest of Okawaru.
             Slain by a blink frog (36 damage)
             ... on level 5 of the Lair of Beasts.
             The game lasted 00:01:54 (13810 turns).

qw the Spry (Spriggan Hunter)                      Turns: 13810, Time: 00:01:54

Health: -1/67      AC: 14    Str:  7    XL:     13   Next: 66%
Magic:  17/21      EV:  4    Int: 11    God:    Okawaru [*****.]
Gold:   890        SH:  0    Dex: 23    Spells: 12/12 levels left

rFire   . . .        p - +2 orcbow
rCold   . . .        (shield currently unavailable)
rNeg    . . .        g - +4 steam dragon scales
rPois   .            (helmet restricted)
rElec   .            a - +0 cloak
rCorr   .            (gloves unavailable)
SInv    +            (boots unavailable)
Will    +++..        h - amulet of regeneration
Stlth   ++           o - ring of willpower
HPRegen 1.11/turn    r - +4 ring of protection
MPRegen 0.17/turn

%: no passive effects
@: sleeping, finesse-ful, very quick
A: very small, no large weapons, unfitting armour, see invisible, speed 3
a: Renounce Religion, Heroism, Finesse, Duel


You were on level 5 of the Lair of Beasts.
You worshipped Okawaru.
Okawaru was extremely pleased with you.
You visited 3 branches of the dungeon, and saw 16 of its levels.
You also visited: Sewer.

You collected 1013 gold pieces.
You spent 123 gold pieces at shops.


Innate Abilities, Weirdness & Mutations

You are very small and have problems with some larger weapons.
You are too small for most types of armour.
You have supernaturally acute eyesight. (SInv)
You cover ground extremely quickly. (Speed+++)


   Skills:
 - Level 7.0 Fighting
 - Level 16.0 Ranged Weapons
 - Level 2.1 Armour
 + Level 16.3 Dodging
 - Level 1.5 Stealth
 - Level 10.0 Invocations


You had 12 spell levels left.
You didn't know any spells.
Your spell library was empty.

Inventory:

Hand Weapons
 p - a +2 orcbow (weapon)
Armour
 a - a +0 cloak (worn)
 g - +4 steam dragon scales (worn)
Jewellery
 h - an amulet of regeneration (around neck)
 m - a ring of resist corrosion
 o - a ring of willpower (left hand)
 r - a +4 ring of protection (right hand)
Wands
 c - a wand of mindburst (14)
 n - a wand of iceblast (5)
 q - a wand of quicksilver (4)
 s - a wand of digging (12)
Scrolls
 k - 4 scrolls of teleportation
Potions
 b - 2 potions of heal wounds
 d - a potion of enlightenment
 e - a potion of cancellation
 i - 5 potions of curing
 j - 2 potions of mutation
 l - 4 potions of might
 t - a potion of haste

Dungeon Overview and Level Annotations

Branches:
Dungeon (10/15)            Temple (1/1) D:4            Lair (5/5) D:10
  Swamp (0/4) Lair:3       Spider (0/4) Lair:3          Orc (0/2) D:10
  Sewer (visited)
  Slime: Lair:4-5

Altars:
Ashenzari
Cheibriados
Dithmenos
Elyvilon
Fedhas
Gozag
Hepliaklqana
Kikubaaqudgha
Makhleb
Nemelex Xobeh
Okawaru
Qazlal
Ru
Sif Muna
Trog
Uskayaw
Vehumet
Wu Jian
Xom
Yredelemnul
Zin
The Shining One

Shops:
D:3 ?

Portals:
Bailey: D:9

Annotations:
D:3 2 transporters


Message History

The dream sheep closely misses you.
You shoot an arrow. The arrow hits the wyvern!
The wyvern is almost dead.
The wyvern completely misses you.
The skyshark bites you but does no damage.
The skyshark completely misses you. The skyshark tail-slaps you!
You shoot an arrow. The arrow hits the wyvern.
You kill the wyvern!
Okawaru accepts your kill. The blink frog completely misses you.
You shoot an arrow. The arrow hits the dream sheep!
The dream sheep is heavily wounded.
The dream sheep completely misses you.
You shoot an arrow. The arrow hits the dream sheep!
The dream sheep is almost dead.
The blink frog misses you. The skyshark completely misses you. x2
The skyshark tail-slaps you but does no damage.
You shoot an arrow. The arrow hits the dream sheep!
You kill the dream sheep!
Okawaru accepts your kill.
You shoot an arrow. The arrow hits the skyshark!
The skyshark is lightly wounded.
The dream sheep headbutts you but does no damage.
The blink frog completely misses you.
The dream sheep ruffle their wool and motes of dream dust sparkle, to no effect.
You shoot an arrow.
The arrow hits the skyshark but does no damage.
The skyshark is lightly wounded.
The skyshark completely misses you.
The skyshark tail-slaps you but does no damage.
The skyshark completely misses you.
You shoot an arrow. The arrow closely misses the skyshark.
The blink frog hits you. The dream sheep completely misses you.
You shoot an arrow. The arrow hits the skyshark!
The skyshark is lightly wounded.
The dream sheep shake their wool and sparkle.
You feel drowsy...
You fall asleep.
The blink frog hits you!!!
Ouch! That really hurt!
You die...

.. #..<...~~
#~ .. .P...~~
~~
..##....~##~#
.P.#.....#~~##
........~~~~~
......~~~~~
#...~# ~
##%.<.#~~~#
#@F..~..~~..
#FY.........
#.Y..........
###...PP###..
....### #
.#..## .....#
. ....


You could see a skyshark, a blink frog and 2 dream sheep.

Vanquished Creatures
  An eleionoma (Lair:3)
  Josephine (Lair:4)
  Harold (D:9)
  3 hydras
  A two-headed ogre (D:10)
  Sonja (Lair:1)
  Amaemon (Lair:2)
  An orb spider (Lair:3)
  Pikel (D:6)
  A manticore (D:8)
  23 elephants
  Joseph (D:8)
  3 black mambas
  An orange demon (Lair:2)
  An unseen horror (D:10)
  8 cane toads
  9 komodo dragons
  A rime drake (Lair:4)
  Jeremiah (D:6)
  4 polar bears
  2 hornets (D:8)
  7 blink frogs (Lair:2)
  Grinder (Sewer)
  2 dream sheep (Lair:5)
  Sigmund (D:6)
  28 yaks
  A shadow (D:9)
  4 wraiths (Lair:4)
  8 wyverns
  2 basilisks
  A steam dragon (D:6)
  8 vampire mosquitoes (D:10)
  Edmund (D:6)
  9 water moccasins
  An ice beast (D:6)
  A swamp drake (D:10)
  9 orc warriors
  6 wolves
  2 black bears
  2 ogres
  2 centaurs
  A lemure (D:6)
  2 phantoms
  3 kobold brigands
  15 bullfrogs
  2 scorpions
  A necrophage (Sewer)
  11 killer bees
  2 electric eels (Lair:4)
  5 howler monkeys
  5 hounds
  4 jellies
  3 gnoll boudas
  A bombardier beetle (D:6)
  11 orc priests
  6 iguanas
  A sleepcap (D:5)
  8 orc wizards
  12 adders
  15 gnolls
  3 shadow imps
  2 white imps
  An ufetubus (Sewer)
  An adder zombie (Sewer)
  2 dart slugs
  3 ribbon worms
  63 orcs
  5 bats
  2 bat zombies (Sewer)
  11 endoplasms
  5 giant cockroaches
  9 goblins
  8 hobgoblins
  8 jackals
  27 kobolds
  4 quokkas
  2 ball pythons
  A frilled lizard (D:1)
  3 rats
430 creatures vanquished.

Notes
Turn   | Place    | Note
-------+----------+-------------------------------------------
     0 | D:1      | qw the Spriggan Hunter began the quest for the Orb.
     0 | D:1      | Reached XP level 1. HP: 10/10 MP: 2/2
     0 | D:1      | 0 ||| qw: Version: 0.3-a-155-g5e7d8dd
     0 | D:1      | 0 ||| qw: Game counter: 826
     0 | D:1      | 0 ||| qw: Melee chars always use a shield: true
     0 | D:1      | 0 ||| qw: God list: Okawaru
     0 | D:1      | 0 ||| qw: Allow faded altars: false
     0 | D:1      | 0 ||| qw: Do Orc after clearing Dungeon:15 true
     0 | D:1      | 0 ||| qw: Do second Lair branch before Depths: true
     0 | D:1      | 0 ||| qw: Lair rune preference: random
     0 | D:1      | 0 ||| qw: Goals: Normal
     0 | D:1      | 0 ||| PLANNING D:1-11
    95 | D:1      | Reached skill level 3 in Dodging
   323 | D:1      | Reached XP level 2. HP: 14/14 MP: 3/3
   956 | D:1      | 956 ||| READING scroll labelled GOASEE KATOHAO.
   957 | D:1      | 957 ||| READING 2 scrolls labelled HOCIHE CEGGUMP.
   958 | D:1      | 958 ||| READING scroll labelled LUSTOIC OMATEKK.
   959 | D:1      | 959 ||| DROPPING scroll of butterflies.
   960 | D:1      | 960 ||| DROPPING scroll of revelation.
  1054 | D:2      | Reached XP level 3. HP: 18/18 MP: 4/4
  1260 | D:2      | 1260 ||| RETREEEEATING.
  1262 | D:2      | 1262 ||| RETREEEEATING.
  1264 | D:2      | 1264 ||| RETREEEEATING.
  1272 | D:2      | Reached XP level 4. HP: 15/22 MP: 5/5
  1286 | D:2      | 1286 ||| FLEEEEING.
  1291 | D:2      | 1291 ||| FLEEEEING.
  1705 | D:2      | 1705 ||| UPGRADING to amulet of regeneration.
  1710 | D:2      | 1710 ||| READING scroll labelled MOJETOOJ BOADD.
  1711 | D:2      | 1711 ||| READING 2 scrolls labelled UTEFYM FOMORGHO.
  1711 | D:2      | 1711 ||| BRANDING +0 shortbow.
  1712 | D:2      | 1712 ||| READING scroll of brand weapon.
  1712 | D:2      | 1712 ||| BRANDING +0 shortbow of draining.
  1713 | D:2      | 1713 ||| READING scroll labelled ADUURU NAPN.
  1714 | D:2      | 1714 ||| READING scroll labelled NIOVURROIT.
  1716 | D:2      | 1716 ||| Stepping ~*~*~tactically~*~*~ (cloud).
  1741 | D:3      | 1741 ||| PLANNING SEWER
  1747 | D:3      | Found a transporter.
  1797 | D:3      | Found a transporter.
  1823 | D:3      | Found Rorups's Magic Scroll Emporium.
  1835 | D:3      | 1835 ||| BUYING scroll of enchant armour (97 gold).
  1835 | D:3      | Bought a scroll of enchant armour for 97 gold pieces
  1835 | D:3      | 1835 ||| BUYING scroll of identify (26 gold).
  1835 | D:3      | Bought a scroll of identify for 26 gold pieces
  1904 | D:3      | Found a glowing drain.
  1926 | D:3      | 1926 ||| READING scroll of identify.
  1926 | D:3      | 1926 ||| IDENTIFYING black potion
  1927 | D:3      | 1927 ||| DRINKING 2 green potions.
  1928 | D:3      | 1928 ||| DROPPING potion of brilliance.
  1946 | D:3      | Reached XP level 5. HP: 26/26 MP: 6/6
  1958 | Sewer    | Entered a sewer
  2082 | Sewer    | Found an ancient bone altar of Kikubaaqudgha.
  2086 | Sewer    | Reached skill level 6 in Ranged Weapons
  2086 | Sewer    | Reached XP level 6. HP: 25/30 MP: 7/7
  2111 | Sewer    | Noticed Grinder
  2114 | Sewer    | Killed Grinder
  2130 | Sewer    | Reached XP level 7. HP: 35/35 MP: 8/8
  2222 | Sewer    | 2222 ||| DRINKING 2 orange potions.
  2223 | Sewer    | 2223 ||| DRINKING 2 murky green potions.
  2224 | Sewer    | 2224 ||| DROPPING potion of magic.
  2252 | D:3      | 2252 ||| PLANNING D:1-11
  2271 | D:3      | Found a bloodstained altar of Trog.
  2379 | D:3      | Found a stormy altar of Qazlal.
  2504 | D:3      | Found a white marble altar of Elyvilon.
  2507 | D:3      | Found a radiant altar of Vehumet.
  2517 | D:3      | Found a sparkling altar of Nemelex Xobeh.
  2537 | D:3      | Found an ornate altar of the Wu Jian Council.
  2538 | D:3      | 2538 ||| UPGRADING to ring of willpower.
  2539 | D:3      | 2539 ||| READING scroll labelled OPLUAGAHAF.
  2548 | D:3      | 2548 ||| FLEEEEING.
  2549 | D:3      | 2549 ||| FLEEEEING.
  2904 | D:4      | Found a staircase to the Ecumenical Temple.
  2905 | D:4      | 2905 ||| PLANNING TEMPLE
  2924 | Temple   | Entered the Ecumenical Temple
  2925 | Temple   | 2925 ||| PLANNING OKAWARU WORSHIP
  2935 | Temple   | Became a worshipper of Warmaster Okawaru
  2936 | Temple   | 2936 ||| PLANNING D:1-11
  2959 | D:4      | Found an opulent altar of Gozag.
  3069 | D:4      | 3069 ||| RETREEEEATING.
  3070 | D:4      | 3070 ||| RETREEEEATING.
  3071 | D:4      | 3071 ||| RETREEEEATING.
  3073 | D:4      | 3073 ||| RETREEEEATING.
  3316 | D:4      | Reached skill level 3 in Fighting
  3316 | D:4      | 3316 ||| FLEEEEING.
  3319 | D:4      | 3319 ||| FLEEEEING.
  3320 | D:4      | 3320 ||| FLEEEEING.
  3321 | D:4      | 3321 ||| FLEEEEING.
  3322 | D:4      | 3322 ||| FLEEEEING.
  3323 | D:4      | 3323 ||| FLEEEEING.
  3324 | D:4      | 3324 ||| FLEEEEING.
  3701 | D:4      | 3701 ||| DROPPING ring of flight.
  3702 | D:4      | 3702 ||| READING scroll labelled YCHI JYAMA.
  3707 | D:4      | 3707 ||| DRINKING 2 grey potions.
  3733 | D:5      | Entered Level 5 of the Dungeon
  3868 | D:5      | Reached XP level 8. HP: 15/40 MP: 9/9
  3930 | D:5      | Found a glowing golden altar of the Shining One.
  3960 | D:5      | Reached * piety under Okawaru
  3989 | D:5      | Reached skill level 1 in Invocations
  4187 | D:5      | 4187 ||| SWAPPING to +0 orcbow.
  4188 | D:5      | 4188 ||| DROPPING +0 heavy shortbow.
  4904 | D:5      | 4904 ||| UPGRADING to +4 ring of protection.
  4905 | D:5      | 4905 ||| READING scroll of identify.
  4905 | D:5      | 4905 ||| IDENTIFYING cyan potion
  4906 | D:5      | 4906 ||| READING scroll labelled IXAL WEFRIF.
  4906 | D:5      | 4906 ||| ENCHANTING +0 orcbow.
  4907 | D:5      | 4907 ||| DRINKING 2 glowing amethyst potions.
  4908 | D:5      | 4908 ||| DROPPING potion of invisibility.
  4932 | D:6      | Noticed Edmund
  4945 | D:6      | Killed Edmund
  4946 | D:6      | Reached skill level 3 in Invocations
  4991 | D:6      | Reached skill level 9 in Ranged Weapons
  5026 | D:6      | Noticed Pikel
  5029 | D:6      | 5029 ||| RETREEEEATING.
  5034 | D:6      | 5034 ||| INVOKING Heroism.
  5046 | D:6      | Killed Pikel
  5046 | D:6      | Reached ** piety under Okawaru
  5047 | D:6      | Reached skill level 9 in Dodging
  5047 | D:6      | Reached XP level 9. HP: 38/44 MP: 10/13
  5233 | D:6      | Noticed Sigmund
  5239 | D:6      | Killed Sigmund
  5269 | D:6      | 5269 ||| Stepping ~*~*~tactically~*~*~ (cloud).
  5270 | D:6      | 5270 ||| Stepping ~*~*~tactically~*~*~ (cloud).
  5272 | D:6      | 5272 ||| Stepping ~*~*~tactically~*~*~ (cloud).
  5283 | D:6      | 5283 ||| Stepping ~*~*~tactically~*~*~ (cloud).
  5323 | D:6      | Noticed Jeremiah
  5324 | D:6      | 5324 ||| INVOKING Heroism.
  5350 | D:6      | HP: 8/40 [Jeremiah/bolt of dispelling energy (6)]
  5351 | D:6      | 5351 ||| DRINKING 3 potions of heal wounds.
  5354 | D:6      | 5354 ||| INVOKING Heroism.
  5356 | D:6      | HP: 5/40 [Jeremiah/bolt of dispelling energy (15)]
  5357 | D:6      | 5357 ||| DRINKING 2 potions of heal wounds.
  5359 | D:6      | Killed Jeremiah
  5765 | D:6      | 5765 ||| UPGRADING to +0 steam dragon scales.
  5775 | D:6      | 5775 ||| DROPPING +0 robe.
  5776 | D:6      | 5776 ||| READING 4 scrolls of enchant armour.
  5776 | D:6      | 5776 ||| ENCHANTING +0 steam dragon scales.
  5777 | D:6      | 5777 ||| READING 3 scrolls of enchant armour.
  5777 | D:6      | 5777 ||| ENCHANTING +1 steam dragon scales.
  5778 | D:6      | 5778 ||| READING 2 scrolls of enchant armour.
  5778 | D:6      | 5778 ||| ENCHANTING +2 steam dragon scales.
  5779 | D:6      | 5779 ||| READING scroll of enchant armour.
  5779 | D:6      | 5779 ||| ENCHANTING +3 steam dragon scales.
  5780 | D:6      | 5780 ||| READING scroll of identify.
  5780 | D:6      | 5780 ||| IDENTIFYING fuming purple potion
  5917 | D:7      | Identified the serpent talisman "Ruhoc" {rCorr Str-3 Dex+3}
  5922 | D:7      | Reached *** piety under Okawaru
  5923 | D:7      | Reached skill level 1 in Armour
  5940 | D:7      | Found a burning altar of Makhleb.
  6328 | D:7      | Reached XP level 10. HP: 50/50 MP: 14/14
  6690 | D:7      | 6690 ||| DRINKING 2 amethyst potions.
  6691 | D:7      | 6691 ||| DROPPING potion of degeneration.
  6785 | D:8      | Noticed Joseph
  6786 | D:8      | 6786 ||| INVOKING Heroism.
  6794 | D:8      | Killed Joseph
  7141 | D:8      | 7141 ||| INVOKING Heroism.
  7421 | D:8      | 7421 ||| READING scroll of enchant weapon.
  7421 | D:8      | 7421 ||| ENCHANTING +1 orcbow.
  7488 | D:8      | 7488 ||| INVOKING Heroism.
  7494 | D:8      | Noticed a manticore
  7495 | D:8      | 7495 ||| DRINKING potion of haste.
  7501 | D:8      | Killed a manticore
  7501 | D:8      | Reached **** piety under Okawaru
  7713 | D:9      | Noticed Harold
  7714 | D:9      | 7714 ||| ZAPPING wand of quicksilver (8) at 7,0 (Harold;
                  | floor).
  7715 | D:9      | 7715 ||| ZAPPING wand of quicksilver (7) at 6,0 (Harold;
                  | floor).
  7716 | D:9      | 7716 ||| INVOKING Finesse.
  7738 | D:9      | Killed Harold
  7739 | D:9      | Reached skill level 12 in Dodging
  7762 | D:9      | Reached skill level 12 in Ranged Weapons
  7817 | D:9      | HP: 12/51 [orc warrior/+0 glaive (6)]
  7818 | D:9      | 7818 ||| READING scroll of teleportation.
  7975 | D:9      | Reached ***** piety under Okawaru
  7984 | D:9      | Reached skill level 6 in Invocations
  8020 | D:9      | Found a flagged portal.
  8139 | D:9      | 8139 ||| UPGRADING to +0 cloak.
  8144 | D:9      | 8144 ||| READING scroll of identify.
  8144 | D:9      | 8144 ||| IDENTIFYING fizzy inky potion
  8145 | D:9      | 8145 ||| READING scroll labelled XETIPA VECITO.
  8157 | D:10     | Entered Level 10 of the Dungeon
  8214 | D:10     | 8214 ||| RETREEEEATING.
  8224 | D:10     | 8224 ||| RETREEEEATING.
  8231 | D:10     | Noticed an elephant
  8232 | D:10     | 8232 ||| RETREEEEATING.
  8234 | D:10     | Reached XP level 11. HP: 49/55 MP: 16/16
  8259 | D:10     | 8259 ||| RETREEEEATING.
  8263 | D:10     | 8263 ||| RETREEEEATING.
  8266 | D:10     | 8266 ||| RETREEEEATING.
  8288 | D:10     | 8288 ||| RETREEEEATING.
  8293 | D:10     | 8293 ||| RETREEEEATING.
  8294 | D:10     | 8294 ||| RETREEEEATING.
  8397 | D:10     | 8397 ||| RETREEEEATING.
  8406 | D:10     | 8406 ||| RETREEEEATING.
  8407 | D:10     | 8407 ||| RETREEEEATING.
  8409 | D:10     | 8409 ||| RETREEEEATING.
  8410 | D:10     | Noticed a two-headed ogre
  8411 | D:10     | 8411 ||| RETREEEEATING.
  8412 | D:10     | 8412 ||| RETREEEEATING.
  8413 | D:10     | 8413 ||| INVOKING Finesse.
  8425 | D:10     | Killed a two-headed ogre
  8685 | D:10     | Found a staircase to the Lair.
  8969 | D:10     | Identified the +2 animal skin of the Hart {*Corrode +Blink
                  | rElec}
  9041 | D:10     | Found a staircase to the Orcish Mines.
  9054 | D:10     | Received a gift from Okawaru
  9090 | D:10     | 9090 ||| PLANNING LAIR
  9202 | Lair:1   | Entered Level 1 of the Lair of Beasts
  9345 | Lair:1   | Noticed Sonja
  9346 | Lair:1   | 9346 ||| INVOKING Finesse.
  9352 | Lair:1   | 9352 ||| RETREEEEATING.
  9353 | Lair:1   | 9353 ||| INVOKING Finesse.
  9360 | Lair:1   | 9360 ||| RETREEEEATING.
  9378 | Lair:1   | 9378 ||| RETREEEEATING.
  9379 | Lair:1   | 9379 ||| RETREEEEATING.
  9380 | Lair:1   | 9380 ||| RETREEEEATING.
  9381 | Lair:1   | 9381 ||| RETREEEEATING.
  9382 | Lair:1   | 9382 ||| RETREEEEATING.
  9383 | Lair:1   | 9383 ||| RETREEEEATING.
  9384 | Lair:1   | 9384 ||| RETREEEEATING.
  9422 | Lair:1   | Killed Sonja
 10003 | Lair:1   | 10003 ||| READING scroll of identify.
 10003 | Lair:1   | 10003 ||| IDENTIFYING sedimented white potion
 10004 | Lair:1   | 10004 ||| DROPPING potion of ambrosia.
 10035 | Lair:2   | Noticed Amaemon
 10036 | Lair:2   | 10036 ||| ZAPPING wand of quicksilver (6) at -7,4 (Amaemon;
                  | floor).
 10038 | Lair:2   | 10038 ||| ZAPPING wand of quicksilver (5) at -5,3 (Amaemon;
                  | floor).
 10039 | Lair:2   | Reached skill level 9 in Invocations
 10039 | Lair:2   | 10039 ||| INVOKING Finesse.
 10051 | Lair:2   | 10051 ||| RETREEEEATING.
 10061 | Lair:2   | 10061 ||| STAIRDANCE
 10085 | Lair:2   | 10085 ||| STAIRDANCE
 10105 | Lair:2   | Killed Amaemon
 10140 | Lair:2   | 10140 ||| RETREEEEATING.
 10142 | Lair:2   | 10142 ||| RETREEEEATING.
 10145 | Lair:2   | 10145 ||| RETREEEEATING.
 10175 | Lair:2   | 10175 ||| RETREEEEATING.
 10176 | Lair:2   | 10176 ||| RETREEEEATING.
 10180 | Lair:2   | Reached XP level 12. HP: 60/60 MP: 20/20
 10186 | Lair:2   | 10186 ||| INVOKING Finesse.
 10203 | Lair:2   | 10203 ||| INVOKING Heroism.
 10237 | Lair:2   | Received a gift from Okawaru
 10742 | Lair:2   | Noticed a seven-headed hydra
 10743 | Lair:2   | 10743 ||| INVOKING Finesse.
 10748 | Lair:2   | Killed a seven-headed hydra
 10749 | Lair:2   | Reached skill level 6 in Fighting
 11106 | Lair:2   | 11106 ||| DROPPING amulet of magic regeneration.
 11107 | Lair:2   | 11107 ||| READING scroll of identify.
 11107 | Lair:2   | 11107 ||| IDENTIFYING scroll labelled TAIGRU WOZUDEI
 11108 | Lair:2   | 11108 ||| DROPPING scroll of noise.
 11243 | Lair:3   | 11243 ||| RETREEEEATING.
 11264 | Lair:3   | Received a gift from Okawaru
 11319 | Lair:3   | Reached skill level 15 in Dodging
 11355 | Lair:3   | Found a hole to the Spider Nest.
 11425 | Lair:3   | Noticed an eleionoma
 11426 | Lair:3   | 11426 ||| INVOKING Finesse.
 11446 | Lair:3   | Killed an eleionoma
 11541 | Lair:3   | Found a staircase to the Swamp.
 11659 | Lair:3   | Reached skill level 15 in Ranged Weapons
 11659 | Lair:3   | Reached XP level 13. HP: 65/65 MP: 21/21
 11688 | Lair:3   | 11688 ||| RETREEEEATING.
 11689 | Lair:3   | 11689 ||| RETREEEEATING.
 11690 | Lair:3   | 11690 ||| RETREEEEATING.
 11691 | Lair:3   | 11691 ||| RETREEEEATING.
 11692 | Lair:3   | 11692 ||| RETREEEEATING.
 11696 | Lair:3   | 11696 ||| RETREEEEATING.
 11697 | Lair:3   | 11697 ||| RETREEEEATING.
 11699 | Lair:3   | 11699 ||| RETREEEEATING.
 11705 | Lair:3   | 11705 ||| RETREEEEATING.
 11706 | Lair:3   | 11706 ||| RETREEEEATING.
 11707 | Lair:3   | 11707 ||| RETREEEEATING.
 11708 | Lair:3   | 11708 ||| INVOKING Finesse.
 11711 | Lair:3   | Received a gift from Okawaru
 11838 | Lair:3   | 11838 ||| RETREEEEATING.
 11840 | Lair:3   | 11840 ||| RETREEEEATING.
 11842 | Lair:3   | 11842 ||| RETREEEEATING.
 11849 | Lair:3   | 11849 ||| RETREEEEATING.
 11850 | Lair:3   | 11850 ||| RETREEEEATING.
 11851 | Lair:3   | 11851 ||| RETREEEEATING.
 11852 | Lair:3   | 11852 ||| RETREEEEATING.
 11853 | Lair:3   | 11853 ||| RETREEEEATING.
 11854 | Lair:3   | 11854 ||| RETREEEEATING.
 12423 | Lair:3   | 12423 ||| DROPPING +6 ring of intelligence.
 12462 | Lair:4   | 12462 ||| STAIRDANCE
 12482 | Lair:4   | 12482 ||| STAIRDANCE
 12509 | Lair:4   | 12509 ||| STAIRDANCE
 12663 | Lair:4   | 12663 ||| INVOKING Finesse.
 12664 | Lair:4   | 12664 ||| INVOKING Heroism.
 12874 | Lair:4   | 12874 ||| INVOKING Finesse.
 12878 | Lair:4   | Received a gift from Okawaru
 13028 | Lair:4   | 13028 ||| INVOKING Finesse.
 13029 | Lair:4   | 13029 ||| INVOKING Heroism.
 13347 | Lair:4   | Noticed Josephine
 13348 | Lair:4   | 13348 ||| INVOKING Finesse.
 13374 | Lair:4   | Killed Josephine
 13375 | Lair:4   | 13375 ||| FLEEEEING.
 13376 | Lair:4   | 13376 ||| FLEEEEING.
 13377 | Lair:4   | 13377 ||| FLEEEEING.
 13378 | Lair:4   | 13378 ||| FLEEEEING.
 13379 | Lair:4   | 13379 ||| FLEEEEING.
 13380 | Lair:4   | 13380 ||| FLEEEEING.
 13381 | Lair:4   | 13381 ||| FLEEEEING.
 13382 | Lair:4   | 13382 ||| FLEEEEING.
 13383 | Lair:4   | 13383 ||| FLEEEEING.
 13387 | Lair:4   | 13387 ||| FLEEEEING.
 13388 | Lair:4   | 13388 ||| FLEEEEING.
 13389 | Lair:4   | 13389 ||| FLEEEEING.
 13390 | Lair:4   | 13390 ||| FLEEEEING.
 13391 | Lair:4   | 13391 ||| FLEEEEING.
 13392 | Lair:4   | 13392 ||| FLEEEEING.
 13393 | Lair:4   | 13393 ||| FLEEEEING.
 13394 | Lair:4   | 13394 ||| STAIRDANCE
 13778 | Lair:5   | Entered Level 5 of the Lair of Beasts
 13779 | Lair:5   | 13779 ||| RETREEEEATING.
 13780 | Lair:5   | 13780 ||| RETREEEEATING.
 13783 | Lair:5   | 13783 ||| RETREEEEATING.
 13784 | Lair:5   | 13784 ||| RETREEEEATING.
 13785 | Lair:5   | 13785 ||| RETREEEEATING.
 13787 | Lair:5   | 13787 ||| RETREEEEATING.
 13788 | Lair:5   | 13788 ||| RETREEEEATING.
 13789 | Lair:5   | 13789 ||| RETREEEEATING.
 13790 | Lair:5   | 13790 ||| INVOKING Finesse.
 13810 | Lair:5   | Slain by a blink frog

Levels and vault maps discovered:
D:1:      amcnicky_arrival_double_pillar, layout_basic, moated_statue,
          roderic_lattice_a
D:2:      layout_loops_ring, minmay_goblin_kobold_house
D:3:      gammafunk_steamed_eel, layout_loops_ring, trog_antimagical,
          nicolae_overflow_macrodata_refinement,
          nicolae_qazlal_general_emergency, serial_shops,
          nicolae_shop_tiny_statue_garden, gup_sewer_entry_glass
D:4:      layout_basic, mainiacjoe_overflow_chevrons,
          minmay_temple_entry_drinking_statues
D:5:      layout_layer_cave, tso_altar
D:6:      layout_loops_ring, uniq_edmund, uniq_pikel, uniq_sigmund,
          uniq_jeremiah
D:7:      layout_loops_corners, makhleb_heckhound_becter
D:8:      layout_layer_cave, minmay_manual_maat, uniq_joseph
D:9:      layout_gridville, enter_bailey_8, uniq_harold
D:10:     layout_loops_ring, grunt_lair_entry_orc_guard_hut, erik_orc_1
Temple:   hellmonk_temple_forest_ring
Lair:1:   layout_regular_city, uniq_sonja
Lair:2:   layout_roguey, infiniplex_staircase_pool, lemuel_fruit_tree,
          serial_bayou_shore_a, grunt_megastairs_5, uniq_amaemon
Lair:3:   layout_cave_pods, alex1729_swamp_entry_worm_eleionoma,
          nicolae_spider_entry_orb_guardian, grunt_megastairs_2
Lair:4:   layout_gridlike, wad_woods_river_01, uniq_josephine
Lair:5:   gammafunk_lair_ancient_temple, layout_small_grid, slime_entry_1

Skill      XL: |  1  2  3  4  5  6  7  8  9 10 11 12 13 |
---------------+----------------------------------------+-----
Dodging        | 3 4 5 7 9 11 12 13 15 16 | 16.3
Ranged Weapons | 5 6 8 9 10 12 13 15 16 | 16.0
Fighting       | 2 3 4 5 6 7 |  7.0
Invocations    | 4 6 9 10 | 10.0
Armour         | 1 2 |  2.1
Stealth        | |  1.5

Action                     |  1- 3 |  4- 6 |  7- 9 | 10-12 | 13-15 || total
---------------------------+-------+-------+-------+-------+-------++-------
   Fire: Shortbow          |    71 |   132 |   182 |       |       ||   385
         Orcbow            |       |       |   278 |  1049 |   484 ||  1811
 Invoke: Heroism           |       |       |     3 |     4 |     2 ||     9
         Finesse           |       |       |       |     7 |     6 ||    13
  Evoke: Wand              |       |       |       |     4 |       ||     4
    Use: Scroll            |     3 |     6 |     9 |     6 |       ||    24
         Potion            |       |     1 |     6 |     2 |       ||     9
 Armour: Robe              |    16 |    36 |    51 |       |       ||   103
         Steam dragon scal |       |       |     6 |   122 |    81 ||   209
  Dodge: Dodged            |    42 |   109 |   274 |   774 |   317 ||  1516

Table legend:
 A = Non-vault XP
 B = Vault XP
 C = Vault XP percentage of total XP
 D = Non-vault monster count
 E = Vault monster count
 F = Vault count percentage of total count
                 A         B        C        D         E       F
            +---------+---------+-------+---------+---------+-------
      Total |   39656 |   15838 |  28.5 |     330 |      99 |  23.1
            +---------+---------+-------+---------+---------+-------
        D:1 |      28 |       0 |   0.0 |      15 |       0 |   0.0
        D:2 |     110 |      10 |   8.3 |      20 |       5 |  20.0
        D:3 |     101 |      64 |  38.8 |      17 |       8 |  32.0
        D:4 |     436 |       0 |   0.0 |      39 |       0 |   0.0
        D:5 |     684 |       0 |   0.0 |      24 |       0 |   0.0
        D:6 |    1145 |    1383 |  54.7 |      21 |       4 |  16.0
        D:7 |    1050 |      40 |   3.7 |      19 |       1 |   5.0
        D:8 |     583 |    1404 |  70.7 |      11 |       5 |  31.2
        D:9 |    1782 |     878 |  33.0 |      39 |       1 |   2.5
       D:10 |    3371 |    2066 |  38.0 |      20 |      24 |  54.5
     Lair:1 |    2870 |     782 |  21.4 |      14 |       1 |   6.7
     Lair:2 |    8831 |    2432 |  21.6 |      31 |       4 |  11.4
     Lair:3 |   10193 |    2498 |  19.7 |      35 |       6 |  14.6
     Lair:4 |    7968 |    3449 |  30.2 |      23 |      10 |  30.3
     Lair:5 |     504 |     210 |  29.4 |       2 |       1 |  33.3
      Sewer |       0 |     622 | 100.0 |       0 |      29 | 100.0
            +---------+---------+-------+---------+---------+-------
